 Dungeon Crawl Stone Soup version 0.29.0-11-gd7f09526c8 (webtiles) character file.

Game seed: 12370499027391911561

123 Lochraine the Chopper (level 5, -4/47 HPs)
             Began as a Hill Orc Monk on Sept 2, 2022.
             Slain by a lemure (5 damage)
             ... led by Pikel
             ... on level 4 of the Dungeon.
             The game lasted 00:07:55 (3738 turns).

Lochraine the Chopper (Hill Orc Monk)               Turns: 3738, Time: 00:07:56

Health: -4/47      AC:  6    Str: 16    XL:     5   Next: 7%
Magic:  5/5        EV: 11    Int: 10    God:
Gold:   110        SH:  0    Dex: 19    Spells: 4/4 levels left

rFire   . . .      SeeInvis .   a - +0 hand axe
rCold   . . .      Faith    .   (no shield)
rNeg    . . .      Spirit   .   e - +1 ring mail
rPois   .          Reflect  .   (no helmet)
rElec   .          Harm     .   (no cloak)
rCorr   .          Rampage  .   (no gloves)
Will    .....                   (no boots)
Stlth   +.........              (no amulet)
HPRegen 0.15/turn               t - +6 ring of dexterity
MPRegen 0.09/turn               (no ring)

@: mighty, weak-willed
A: no striking features
a: no special abilities


You were on level 4 of the Dungeon.
You visited 1 branch of the dungeon, and saw 4 of its levels.

You collected 110 gold pieces.

Inventory:

Hand Weapons
 a - a +0 hand axe (weapon)
 u - a +0 trident
   (You found it on level 4 of the Dungeon)
Armour
 b - a +0 robe
 c - a +0 leather armour
   (You took it off an orc on level 2 of the Dungeon)
 d - a +0 leather armour
   (You found it on level 3 of the Dungeon)
 e - a +1 ring mail (worn)
   (You found it on level 1 of the Dungeon)
 l - a +0 leather armour
   (You found it on level 2 of the Dungeon)
 n - a +0 ring mail
   (You took it off an orc on level 2 of the Dungeon)
 q - a +0 scale mail
   (You took it off an orc on level 2 of the Dungeon)
Jewellery
 t - a +6 ring of dexterity (left hand)
   (You found it on level 4 of the Dungeon)
Scrolls
 f - a scroll of acquirement {unknown}
 g - 4 scrolls of noise {!r}
 h - a scroll of vulnerability {!r}
 i - a scroll of torment {!r}
 o - a scroll of teleportation {unknown}
 p - a scroll of amnesia
 r - a scroll of enchant armour
 s - a scroll of silence {unknown}
 v - a scroll of enchant weapon {unknown}
Potions
 j - a potion of might
 m - a potion of magic


   Skills:
 + Level 4.8 Fighting
 * Level 6.3 Axes
 + Level 0.8 Armour
 - Level 2.4 Dodging
 - Level 1.5 Stealth


You had 4 spell levels left.
You didn't know any spells.
Your spell library contained the following spells:

 Spells                   Type           Power      Damage    Failure   Level
 Freeze                   Ice            0%         1d3       58%         1
 Necrotise                Necr           0%         1d4       58%         1
 Ensorcelled Hibernation  Hex/Ice        0%         N/A       73%         2
 Poisonous Vapours        Pois/Air       0%         N/A       73%         2
 Frozen Ramparts          Ice            0%         1d1       91%         3
 Spider Form              Tmut/Pois      0%         N/A       91%         3
 Anguish                  Hex/Necr       0%         N/A       100%        4
 Corpse Rot               Necr/Pois/Air  0%         N/A       100%        4
 Hailstorm                Conj/Ice       0%         3d3       100%        4


Dungeon Overview and Level Annotations

Branches:
Dungeon (4/15) Zot: 20254
 Temple: D:4-7

Altars:
Elyvilon
Qazlal
Ru
Wu Jian

Annotations:
D:4 Pikel


Message History

As you read the scroll labelled PEWICEMMYMA, it crumbles to dust.
You hear a loud clanging noise!
It was a scroll of noise.
You hear a shout! x4
As you read the scroll labelled GOSTUE PAUGO, it crumbles to dust.
Magic quickly surges around you.
It was a scroll of vulnerability.
As you read the scroll labelled XEIXZAEFEPH, it crumbles to dust.
It is a scroll of amnesia.
You feel forgetful for a moment.
Okay, then.
Unknown command.
As you read the scroll labelled TUMIASTRATH, it crumbles to dust.
It is a scroll of enchant armour.
Your +0 ring mail glows green for a moment.
You closely miss Pikel. Pikel barely misses you.
You completely miss Pikel. Pikel hits you but does no damage.
You miss Pikel. Pikel closely misses you.
You hit Pikel.
Pikel hits you with a +0 whip of freezing.
* * * LOW HITPOINT WARNING * * *
Pikel freezes you.
* * * LOW HITPOINT WARNING * * *
A kobold comes into view. It is wielding a +0 short sword.
The kobold shouts!
You slash Pikel! Pikel closely misses you.
You closely miss Pikel. You punch Pikel, but do no damage.
Pikel waves his whip at you.
Pikel hits you with a +0 whip of freezing!
* * * LOW HITPOINT WARNING * * *
Pikel freezes you.
* * * LOW HITPOINT WARNING * * *
You feel better. Pikel hits you but does no damage.
You feel very mighty all of a sudden. The lemure hits you.
* * * LOW HITPOINT WARNING * * *
Pikel barely misses you.
You barely miss Pikel. Your punch misses Pikel. You closely miss the lemure.
The lemure barely misses you.
Pikel hits you with a +0 whip of freezing.
* * * LOW HITPOINT WARNING * * *
Pikel freezes you.
* * * LOW HITPOINT WARNING * * *
You closely miss Pikel. You hit the lemure. The lemure hits you.
* * * LOW HITPOINT WARNING * * *
Pikel hits you but does no damage.
Unknown command.
Unknown command.
Unknown command.
You barely miss Pikel. You slash the lemure! The lemure hits you.
You die...

#........<......≈.≈..§§§≈....
#...............≈.≈._.§.≈...
.......##.##...≈.≈..§≈.≈.# .
#..##.÷.##...≈.≈≈§≈≈...#..
##....####...≈.......≈5...
#..### #.#.≈≈≈≈§≈≈≈≈K.#. #.(#
#................ #..##
##.5##..#####...# #...#
##.@K5## . ##..#######.####
#..........# #.########.##
#.......##..## .
#...###.##...#####..
#.#..##............#
#.##.######......#. #.#
....####....####


You could see Pikel (weak-willed) and 2 lemures.

Vanquished Creatures
  A lemure (D:4)
  A hound (D:4)
  An adder (D:3)
  2 worms (D:3)
  2 dart slugs
  5 orcs (D:2)
  3 ball pythons
  4 bats
  7 endoplasms
  3 giant cockroaches (D:2)
  3 goblins
  8 hobgoblins
  4 jackals (D:1)
  6 kobolds
  3 quokkas
  3 frilled lizards
  7 rats
63 creatures vanquished.

Notes
Turn   | Place    | Note
-------+----------+-------------------------------------------
     0 | D:1      | Lochraine the Hill Orc Monk began the quest for the Orb.
     0 | D:1      | Reached XP level 1. HP: 19/19 MP: 1/1
   305 | D:1      | Reached XP level 2. HP: 26/27 MP: 2/2
   672 | D:1      | Found a faded altar of an unknown god.
   683 | D:1      | Got Plato's Parchment of Shadows
   879 | D:1      | Reached skill level 5 in Axes
   882 | D:1      | Reached XP level 3. HP: 28/33 MP: 3/3
  1961 | D:2      | Reached XP level 4. HP: 39/41 MP: 4/4
  2137 | D:3      | Found a white marble altar of Elyvilon.
  2137 | D:3      | Found an ornate altar of the Wu Jian Council.
  2169 | D:3      | Found a sacrificial altar of Ru.
  2480 | D:3      | Reached skill level 6 in Axes
  3405 | D:4      | Reached XP level 5. HP: 18/47 MP: 5/5
  3600 | D:4      | Found a stormy altar of Qazlal.
  3607 | D:4      | Noticed a lemure
  3610 | D:4      | Noticed Pikel
  3621 | D:4      | Noticed a lemure
  3622 | D:4      | Noticed a lemure
  3630 | D:4      | Noticed a lemure
  3654 | D:4      | Killed a lemure
  3737 | D:4      | HP: 1/47 [lemure[Pikel] (2)]
  3738 | D:4      | Slain by a lemure

Illustrated notes

Levels and vault maps discovered:
D:1:      shiori_shiawase, layout_basic, shapermc_ecumenical_altar_rom_forum,
          chequers_serial_rivers_small_b
D:2:      layout_rooms
D:3:      layout_basic, mainiacjoe_overflow_brackets,
          gammafunk_temple_overflow_wave, nicolae_titane
D:4:      layout_rooms, nemelex_altar_shiori,
          mainiacjoe_overflow_concentric_impassable,
          nicolae_concentric_dashed_squares_mild, uniq_pikel, uniq_natasha

Skill      XL: |  1  2  3  4 |
---------------+-------------+-----
Fighting       | 4 |  4.8
Axes           | 5 6 |  6.3
Armour         | |  0.8
Dodging        | |  2.4
Stealth        | |  1.5

Action                   |  1- 3 |  4- 6 || total
-------------------------+-------+-------++-------
Melee: Hand axe          |   153 |   107 ||   260
       Punch             |       |     4 ||     4
       Trident           |       |     5 ||     5
  Use: Potion            |     1 |     2 ||     3
       Scroll            |       |     8 ||     8
 Stab: Sleeping          |     1 |       ||     1
Armor: Ring mail         |    39 |    31 ||    70
       Robe              |     2 |       ||     2
Dodge: Dodged            |   106 |    58 ||   164
